 Dungeon Crawl Stone Soup version 0.31.0-9-g3a7656b989 (webtiles) character file.

Game seed: 377057822183105145

110 qw the Shooter (level 4, -5/23 HPs)
             Began as a Spriggan Hunter on Feb 2, 2024.
             Blown up by Ijyb (12 damage)
             ... with a mindburst bolt
             ... on level 4 of the Dungeon.
             The game lasted 00:00:09 (2644 turns).

qw the Shooter (Spriggan Hunter)                    Turns: 2644, Time: 00:00:10

Health: -5/23      AC:  2    Str:  7    XL:     4   Next: 61%
Magic:  5/5        EV: 25    Int: 10    God:
Gold:   156        SH:  0    Dex: 20    Spells: 3/3 levels left

rFire   . . .        a - +0 shortbow
rCold   . . .        (shield currently unavailable)
rNeg    . . .        c - +0 robe
rPois   .            (helmet restricted)
rElec   .            (no cloak)
rCorr   .            (gloves unavailable)
SInv    +            (boots unavailable)
Will    .....        (no amulet)
Stlth   ++           h - +5 ring of evasion
HPRegen 0.23/turn    (no ring)
MPRegen 0.09/turn

%: no passive effects
@: very quick
A: very small, no large weapons, unfitting armour, see invisible, speed 3
a: no special abilities


You were on level 4 of the Dungeon.
You visited 1 branch of the dungeon, and saw 4 of its levels.

You collected 156 gold pieces.


Innate Abilities, Weirdness & Mutations

You are very small and have problems with some larger weapons.
You are too small for most types of armour.
You have supernaturally acute eyesight. (SInv)
You cover ground extremely quickly. (Speed+++)


   Skills:
 + Level 1.8 Fighting
 - Level 5.0 Ranged Weapons
 - Level 5.0 Dodging
 - Level 1.5 Stealth


You had 3 spell levels left.
You didn't know any spells.
Your spell library was empty.

Inventory:

Hand Weapons
 a - a +0 shortbow (weapon)
Armour
 c - a +0 robe (worn)
Jewellery
 h - a +5 ring of evasion (left hand)
Potions
 b - a potion of mutation
 d - a potion of resistance
 e - a potion of heal wounds {unknown}
 f - 4 potions of curing
 g - a potion of brilliance {unknown}
 i - 3 potions of might

Dungeon Overview and Level Annotations

Branches:
Dungeon (4/15)
 Temple: D:4-7

Altars:
Dithmenos
Nemelex Xobeh
Wu Jian

Annotations:
D:3 1 runed translucent door, Crazy Yiuf
D:4 Ijyb


Message History

There is an open door here.
Ijyb the Twisted Goblin comes into view.
She is wielding a +0 dagger and carrying a wand of mindburst.
You shoot an arrow. The arrow hits Ijyb but does no damage.
Found a dagger and 14 gold pieces.
You shoot an arrow. The arrow hits Ijyb.
Ijyb is lightly wounded.
Ijyb zaps a wand.
Your mind is blasted!
Ouch! That really hurt!
You shoot an arrow. The arrow barely misses Ijyb.
You shoot an arrow. The arrow hits Ijyb.
Ijyb is moderately wounded.
You shoot an arrow. The arrow closely misses Ijyb.
You shoot an arrow. The arrow hits Ijyb but does no damage.
Ijyb is moderately wounded.
You shoot an arrow. The arrow closely misses Ijyb.
Ijyb completely misses you.
Ijyb zaps a wand.
You struggle to resist.
You shoot an arrow. The arrow hits Ijyb but does no damage.
Ijyb is moderately wounded.
Ijyb closely misses you.
You shoot an arrow. The arrow closely misses Ijyb.
Ijyb zaps a wand.
You struggle to resist.
You shoot an arrow. The arrow hits Ijyb!
Ijyb is heavily wounded.
Ijyb barely misses you.
You shoot an arrow. The arrow hits Ijyb but does no damage.
Ijyb is heavily wounded.
Ijyb completely misses you.
You shoot an arrow. The arrow hits Ijyb.
Ijyb is severely wounded.
Ijyb hits you with a +0 dagger.
You shoot an arrow. The arrow hits Ijyb.
Ijyb is almost dead.
Ijyb hits you with a +0 dagger. Ijyb completely misses you.
You shoot an arrow. The arrow closely misses Ijyb.
Ijyb completely misses you.
You shoot an arrow. The arrow hits Ijyb.
Ijyb is almost dead.
Ijyb zaps a wand.
Your mind is blasted!
Ouch! That really hurt!
You die...

#########..#######.#...#
...# ### #.#...##.
...#######........
.................
.........#....##.
.........#....#
.##.##..####### # ##..##
#.g@.# #.........)
.........7...
.......~~..7 .
.......~~..7
....#..~~..7
##..#..~~... #.
#$.~~....


You could see Ijyb.

Vanquished Creatures
  Robin (D:2)
  An adder (D:2)
  A dart slug (D:2)
  2 ribbon worms (D:2)
  8 orcs (D:3)
  8 ball pythons
  7 bats
  3 endoplasms
  3 giant cockroaches
  8 goblins
  4 hobgoblins
  4 jackals (D:1)
  4 kobolds
  3 quokkas
  3 frilled lizards
  5 rats
65 creatures vanquished.

Notes
Turn   | Place    | Note
-------+----------+-------------------------------------------
     0 | D:1      | qw the Spriggan Hunter began the quest for the Orb.
     0 | D:1      | Reached XP level 1. HP: 10/10 MP: 2/2
     0 | D:1      | 0 ||| qw: Version: 0.3-a-155-g5e7d8dd
     0 | D:1      | 0 ||| qw: Game counter: 2224
     0 | D:1      | 0 ||| qw: Melee chars always use a shield: true
     0 | D:1      | 0 ||| qw: God list: Okawaru
     0 | D:1      | 0 ||| qw: Allow faded altars: false
     0 | D:1      | 0 ||| qw: Do Orc after clearing Dungeon:15 true
     0 | D:1      | 0 ||| qw: Do second Lair branch before Depths: true
     0 | D:1      | 0 ||| qw: Lair rune preference: random
     0 | D:1      | 0 ||| qw: Goals: Normal
     0 | D:1      | 0 ||| PLANNING D:1-11
    45 | D:1      | Reached skill level 3 in Dodging
   110 | D:1      | Reached XP level 2. HP: 14/14 MP: 3/3
   554 | D:1      | Reached XP level 3. HP: 18/18 MP: 4/4
   719 | D:1      | 719 ||| READING scroll labelled MEENEN IR NEI.
   720 | D:1      | 720 ||| READING 2 scrolls labelled BYUKEGGEERR.
   720 | D:1      | 720 ||| IDENTIFYING brown potion
   721 | D:1      | 721 ||| DROPPING scroll of butterflies.
   723 | D:1      | 723 ||| Stepping ~*~*~tactically~*~*~ (cloud).
   728 | D:1      | HP: 4/18 [poisoned by you (poison gas)]
   846 | D:2      | Found a faded altar of an unknown god.
  1252 | D:2      | Reached XP level 4. HP: 22/22 MP: 5/5
  1270 | D:2      | Noticed Robin
  1279 | D:2      | Killed Robin
  1442 | D:2      | 1442 ||| UPGRADING to +5 ring of evasion.
  1443 | D:2      | 1443 ||| READING 4 scrolls of identify.
  1443 | D:2      | 1443 ||| IDENTIFYING emerald potion
  1444 | D:2      | 1444 ||| READING 3 scrolls of identify.
  1444 | D:2      | 1444 ||| IDENTIFYING 2 fizzy blue potions
  1445 | D:2      | 1445 ||| READING 2 scrolls of identify.
  1445 | D:2      | 1445 ||| IDENTIFYING 3 blue potions
  1446 | D:2      | 1446 ||| READING scroll of identify.
  1446 | D:2      | 1446 ||| IDENTIFYING scroll labelled GOIWOI VAUHE
  1447 | D:2      | 1447 ||| READING scroll labelled YREOTRAFFA.
  1448 | D:2      | 1448 ||| READING scroll labelled AFOWAT WOHA.
  1449 | D:2      | 1449 ||| DROPPING 3 potions of lignification.
  1450 | D:2      | 1450 ||| DROPPING scroll of immolation.
  1478 | D:3      | 1478 ||| STAIRDANCE
  1505 | D:3      | HP: 3/22 [orc/+0 flail (8)]
  2326 | D:3      | Found an ornate altar of the Wu Jian Council.
  2331 | D:3      | Found a sparkling altar of Nemelex Xobeh.
  2375 | D:3      | Found a runed translucent door.
  2376 | D:3      | Noticed Crazy Yiuf
  2537 | D:3      | 2537 ||| DROPPING ring of wizardry.
  2538 | D:3      | 2538 ||| READING scroll of identify.
  2538 | D:3      | 2538 ||| IDENTIFYING coppery potion
  2607 | D:4      | Found a shadowy altar of Dithmenos.
  2628 | D:4      | Noticed Ijyb
  2644 | D:4      | Blown up by Ijyb

Levels and vault maps discovered:
D:1:      ncdulo_halloftheorcs, layout_basic, serial_park_tiny_2,
          minmay_misc_feat_five
D:2:      layout_loops_ring, hellmonk_ecumenical_altar_crossroads, uniq_robin
D:3:      layout_loops_corners, minitemple, uniq_crazy_yiuf_cottage
D:4:      layout_gridville, lemuel_doored_altar, gammafunk_temple_overflow_claw,
          mainiacjoe_overflow_alcove_4, mainiacjoe_overflow_chevrons,
          uniq_sigmund, uniq_grinder, uniq_ijyb, uniq_natasha,
          uniq_blork_the_orc

Skill      XL: |  1  2  3  4 |
---------------+-------------+-----
Dodging        | 3 4 5 |  5.0
Ranged Weapons | 5 |  5.0
Fighting       | |  1.8
Stealth        | |  1.5

Action                     |  1- 3 |  4- 6 || total
---------------------------+-------+-------++-------
   Fire: Shortbow          |   107 |    80 ||   187
    Use: Scroll            |     2 |     7 ||     9
 Armour: Robe              |     3 |     8 ||    11
  Dodge: Dodged            |    29 |    78 ||   107

Table legend:
 A = Non-vault XP
 B = Vault XP
 C = Vault XP percentage of total XP
 D = Non-vault monster count
 E = Vault monster count
 F = Vault count percentage of total count
                 A         B        C        D         E       F
            +---------+---------+-------+---------+---------+-------
      Total |     130 |      28 |  17.7 |      58 |       7 |  10.8
            +---------+---------+-------+---------+---------+-------
        D:1 |      42 |       0 |   0.0 |      23 |       0 |   0.0
        D:2 |      55 |      28 |  33.7 |      21 |       7 |  25.0
        D:3 |      33 |       0 |   0.0 |      14 |       0 |   0.0
            +---------+---------+-------+---------+---------+-------
